 Dungeon Crawl Stone Soup version 0.27.0-1-g7a089689b8 (webtiles) character file.

Game seed: 957093776509784827

7 Malachi the Sneak (level 2, -26/13 HPs)
             Began as a Vine Stalker Enchanter on Aug 15, 2021.
             Killed by an exploding jackal (34 damage)
             ... ignited by their inner flame
             ... on level 1 of the Dungeon.
             The game lasted 00:00:23 (267 turns).

Malachi the Sneak (Vine Stalker Enchanter)           Turns: 267, Time: 00:00:23

Health: -26/13     AC:  2    Str: 10    XL:     2   Next: 0%
Magic:  0/6        EV: 12    Int: 15    God:
Gold:   7          SH:  0    Dex: 14    Spells: 4/5 levels left

rFire    . . .     SeeInvis .   a - +1 dagger
rCold    . . .     Faith    .   (no shield)
rNeg     . . .     Spirit   +   b - +0 robe
rPois    .         Reflect  .   (no helmet)
rElec    .         Harm     .   (no cloak)
rCorr    .         Rampage  .   (no gloves)
Will     .....                  (no boots)
Stlth    ++........             (no amulet)
HPRegen  0.04/turn              (no ring)
MPRegen  0.10/turn              (no ring)

@: no status effects
A: fangs 2, magic shield, antimagic bite, no potion heal 2
a: no special abilities


You were on level 1 of the Dungeon.
You visited 1 branch of the dungeon, and saw 1 of its levels.

You collected 7 gold pieces.

Inventory:

Hand Weapons
 a - a +1 dagger (weapon)
Armour
 b - a +0 robe (worn)
Scrolls
 d - a scroll of teleportation {unknown}
 f - a scroll of identify {unknown}
Potions
 e - 2 potions of curing {unknown}


   Skills:
 + Level 0.8 Short Blades
 + Level 1.5 Dodging
 + Level 3.8 Stealth
 + Level 2.3 Spellcasting
 + Level 3.2 Hexes


You had 4 spell levels left.
You knew the following spells:

 Your Spells              Type           Power      Damage    Failure   Level
a - Corona                Hex            12%        N/A       5%          1

Your spell library contained the following spells:

 Spells                   Type           Power      Damage    Failure   Level
 Ensorcelled Hibernation  Hex/Ice        12%        N/A       17%         2
 Confusing Touch          Hex            11%        N/A       17%         3
 Tukima's Dance           Hex            11%        N/A       17%         3
 Dazzling Flash           Conj/Hex       12%        N/A       32%         3


Dungeon Overview and Level Annotations

Branches:
Dungeon (1/15)

Altars:


Innate Abilities, Weirdness & Mutations

You have extremely sharp teeth.
When hurt, damage is shared between your health and your magic reserves.
Your bite disrupts and absorbs the magic of your enemies.
Potions cannot restore your health.


Message History

You hit the jackal but do no damage. Your bite misses the jackal.
The jackal bites you.
You barely miss the jackal. Your bite misses the jackal.
The jackal barely misses you. x2
You barely miss the jackal. You bite the jackal, but do no damage.
The jackal bites you but does no damage.
The jackal misses you.
The jackal bites you but does no damage.
You see here a +0 dagger.
You closely miss the jackal. Your bite misses the jackal.
The jackal closely misses you. The jackal completely misses you.
The jackal bites you but does no damage.
You hit the jackal. Your bite misses the jackal.
The jackal is moderately wounded.
The jackal barely misses you.
The jackal bites you but does no damage.
You hit the jackal. Your bite misses the jackal.
The jackal is almost dead.
The jackal bites you but does no damage. x2
The gnoll hits you with a +0 club. The gnoll hits you with a +0 club.
Found a scroll labelled LAD BIYDUIFF.
The jackal stops to sniff the ground.
The jackal misses you.
You hit the jackal.
You kill the jackal!
You have reached level 2!
Unknown command.
As you read the scroll labelled MITEURR ZOUSY, it crumbles to dust.
The creatures around you are filled with an inner flame!
It was a scroll of immolation.
The jackal bites you but does no damage.
The jackal closely misses you.
You hit the jackal.
Flame seeps out of the jackal.
Your bite misses the jackal.
The jackal is heavily wounded.
The jackal is engulfed in blazing flames.
The jackal explodes!
The fiery explosion engulfs you!!!
Ouch! That really hurt!
You die...

.. #. ##. # .. #### ##
#.## #.)###. ..# .##
#...##. #.# ..##.#....
##### #@# ..#.####.
.?..?##○# #.#.# #. #..§g#
#.#.# ##. ###..# #...#
#.. #######..## #..###.#
.......#..#### #......#
.......#)....#####.)#####
..........##..##....#
.......#.........#..#


You could see a gnoll (inner flame).

Vanquished Creatures
  A goblin (D:1)
  2 hobgoblins (D:1)
  2 jackals (D:1)
  A kobold (D:1)
6 creatures vanquished.

Notes
Turn   | Place    | Note
-------+----------+-------------------------------------------
     0 | D:1      | Malachi the Vine Stalker Enchanter began the quest for the
                  | Orb.
     0 | D:1      | Reached XP level 1. HP: 9/9 MP: 4/4
   266 | D:1      | Reached XP level 2. HP: 8/13 MP: 4/6
   267 | D:1      | Killed by an exploding jackal... ignited by their inner
                  | flame

Illustrated notes

Levels and vault maps discovered:
D:1:      elethiomel_arrival_shortcut, layout_rooms, basic_ecumenical_altar,
          minmay_surrounded

Action                   || total
-------------------------++-------
Melee: Dagger            ||    22
       Bite              ||     4
  Use: Scroll            ||     1
 Stab: Sleeping          ||     1
Armor: Robe              ||     8
Dodge: Dodged            ||    15
